Map: Overgrowth LE (Void)

Players

Fropez - Winner!

  • Race: Protoss Protoss
  • League: Gold
  • Spawn Location: 7:00

Ozz

  • Race: Terran Terran
  • League: Gold
  • Spawn Location: 1:00

VOD

Have the link to the VOD?

Description

Time

  • Played on: Dec. 8, 2016, 8:38 p.m.
  • Length: 25:42
Show
View Real Time Build Order
Export as new Build Order

Fropez Protoss - Winner!

Build Orders: 1 Gate Expand 

Get SALT Encoding   

  12  0:01  Probe (Chrono Boost)  
  13  0:12  Probe (Chrono Boost)  
  14  0:21  Pylon  
  14  0:23  Probe (Chrono Boost)  
  15  0:39  Probe (Chrono Boost), Gateway  
  16  0:46  Assimilator  
  16  0:49  Probe (Chrono Boost)  
  17  1:00  Probe (Chrono Boost)  
  18  1:10  Probe (Chrono Boost)  
  19  1:17  Assimilator  
  19  1:21  Probe (Chrono Boost)  
  20  1:32  Probe (Chrono Boost)  
  21  1:37  Nexus  
  21  1:42  Probe (Chrono Boost)  
  22  1:52  Cybernetics Core  
  22  2:06  Pylon, Probe (Chrono Boost)  
  23  2:16  Pylon  
  23  2:24  Probe (Chrono Boost)  
  23  2:28  Gateway  
  24  2:35  Pylon  
  24  2:37  Mothership Core (Chrono Boost)  
  26  2:44  Adept (Chrono Boost)  
  25  3:02  Warp Gate (Chrono Boost)  
  25  3:03  Probe x2  
  26  3:13  Probe  
  26  3:15  Probe  
  26  3:17  Adept x2  
  32  3:24  Probe  
  33  3:28  Probe  
  34  3:34  Probe  
  34  3:40  Probe  
  36  3:41  Pylon  
  36  3:44  Adept  
  36  3:47  Adept  
  40  4:01  Probe x2  
  42  4:11  Probe  
  42  4:13  Twilight Council, Probe  
  44  4:21  Pylon  
  44  4:22  Probe  
  44  4:23  Assimilator  
  45  4:26  Probe  
  44  4:32  Probe  
  45  4:50  Resonating Glaives (Chrono Boost)  
  41  4:56  Probe  
  41  4:57  Probe  
  41  5:01  Robotics Facility  
  41  5:08  Probe  
  41  5:12  Probe  
  41  5:29  Gateway  
  41  5:32  Gateway  
  41  5:34  Gateway  
  41  5:36  Stalker x2  
  41  5:41  Probe x2  
  46  5:48  Assimilator  
  47  5:52  Immortal (Chrono Boost)  
  47  5:53  Probe  
  52  6:00  Adept x2, Probe  
  52  6:03  Nexus  
  57  6:05  Pylon  
  57  6:08  Probe  
  57  6:11  Probe  
  59  6:20  Probe  
  59  6:21  Probe  
  61  6:26  Stalker x2  
  61  6:32  Probe x2  
  67  6:47  Blink (Chrono Boost)  
  67  6:49  Adept  
  67  6:50  Adept  
  75  6:54  Immortal (Chrono Boost)  
  75  7:06  Adept x2, Probe  
  75  7:07  Probe  
  75  7:08  Forge, Gateway  
  81  7:12  Pylon  
  81  7:15  Pylon  
  81  7:16  Probe  
  81  7:18  Pylon  
  81  7:19  Adept x2  
  86  7:26  Warp Prism (Chrono Boost)  
  88  7:37  Probe  
  88  7:38  Probe  
  88  7:39  Probe  
  88  7:40  Dark Shrine  
  88  7:43  Assimilator  
  91  7:47  Assimilator  
  91  7:51  Protoss Ground Weapons Level 1 (Chrono Boost)  
  91  7:58  Stalker x3  
  91  7:59  Stalker  
  99  8:08  Immortal  
  99  8:17  Stalker x2  
  107  8:34  Adept  
  107  8:35  Adept x3  
  115  8:45  Adept x2  
  115  9:13  Gateway  
  115  9:14  Gateway  
  115  9:18  Gateway  
  115  9:20  Gateway  
  115  9:21  Pylon  
  115  9:22  Stalker x5  
  115  9:23  Pylon  
  97  10:30  Dark Templar  
  97  10:31  Dark Templar x2  
  98  11:52  Pylon  
  98  11:56  Pylon  
  96  12:01  Pylon  
  96  12:05  Pylon  
  96  12:11  Pylon, Probe  
  96  12:12  Probe x2  
  99  12:24  Cybernetics Core  
  99  12:26  Gateway  
  99  12:34  Photon Cannon  
  99  12:36  Nexus  
  99  12:44  Observer  
  99  12:47  Protoss Ground Weapons Level 2 (Chrono Boost)  
  100  12:53  Dark Templar  
  100  12:54  Dark Templar x6  
  100  12:55  Dark Templar x3  
  120  13:24  Photon Cannon  
  114  14:04  Stalker x2  
  114  14:05  Stalker x5  
  114  14:06  Stalker x3  
  124  14:35  Probe  
  124  14:36  Probe  
  124  14:37  Probe  
  127  14:40  Assimilator  
  127  14:44  Stalker x6  
  127  14:45  Assimilator, Stalker x4  
  145  14:48  Pylon  
  145  14:50  Pylon  
  147  14:53  Pylon  
  147  14:56  Pylon  
  147  14:59  Pylon  
  144  15:01  Pylon  
  144  15:20  Stalker x3  
  144  15:21  Stalker x5  
  156  15:22  Stalker x2  
  159  15:45  Stalker x4  
  159  15:46  Stalker x5  
  159  15:47  Stalker  
  173  16:23  Probe  
  173  16:25  Probe x3  
  163  16:37  Probe  
  164  16:50  Nexus  
  164  16:54  Pylon  
  164  16:56  Pylon  
  164  16:58  Pylon  
  164  17:16  Probe  
  164  17:18  Probe x3  
  168  17:27  Probe  
  169  17:30  Probe x3  
  172  17:59  Pylon  
  172  18:00  Probe  
  172  18:02  Probe  
  174  18:07  Pylon  
  174  18:14  Probe  
  175  18:21  Pylon  
  175  18:23  Pylon  
  175  18:26  Probe x2  
  175  18:27  Probe  
  175  18:28  Pylon, Probe x2  
  175  18:29  Pylon  
  180  18:34  Photon Cannon  
  180  18:36  Probe  
  180  18:37  Probe  
  180  18:39  Probe  
  180  18:40  Probe x2  
  185  18:47  Probe x2  
  171  18:51  Probe  
  171  18:52  Probe x2  
  154  19:07  Assimilator  
  154  19:08  Stalker x5  
  154  19:09  Stalker x4  
  172  19:10  Stalker x2  
  172  19:11  Assimilator  
  176  19:23  Gateway  
  176  19:30  Protoss Ground Weapons Level 3 (Chrono Boost)  
  176  19:35  Forge  
  176  19:37  Forge  
  176  19:39  Pylon  
  176  19:50  Immortal  
  180  20:12  Pylon  
  180  20:15  Pylon  
  180  20:18  Pylon  
  180  20:22  Pylon, Stalker x3  
  180  20:23  Stalker x5  
  180  20:24  Stalker  
  153  21:17  Stalker x5  
  153  21:18  Stalker x6  
  171  21:25  Gateway  
  175  21:26  Protoss Shields Level 1 (Chrono Boost)  
  175  21:27  Protoss Ground Armor Level 1 (Chrono Boost)  
  175  21:28  Gateway  
  175  21:32  Charge  
  175  21:38  Pylon  
  173  21:56  Assimilator  
  173  21:58  Pylon  
  173  21:59  Assimilator  
  173  22:00  Adept x2  
  173  22:01  Adept x6, Pylon, Nexus  
  175  22:02  Adept x3  
  175  22:04  Pylon  
  179  22:28  Dark Templar  
  165  23:35  Adept  
  165  23:36  Adept x7  
  165  23:37  Adept x3  
  148  24:16  Stalker  
  146  24:17  Stalker x4  
  146  24:18  Stalker x6  
  164  24:25  Gateway  
  164  24:27  Gateway  
  164  24:28  Gateway  
  164  24:29  Gateway  
  164  24:37  Gateway  
  164  24:38  Gateway  
  164  24:41  Gateway  
  160  24:46  Stalker  
  160  24:47  Stalker x7  
  160  24:48  Stalker x3  
  176  25:20  Pylon  
Show
View Real Time Build Order
Export as new Build Order

Ozz Terran 

Build Orders: Reaper Expand, MMM Bio 

Get SALT Encoding   

  12  0:02  SCV  
  13  0:14  SCV  
  13  0:20  Supply Depot  
  14  0:26  SCV  
  15  0:42  SCV  
  16  0:43  Barracks  
  16  0:46  Refinery  
  16  0:54  SCV  
  17  1:00  Supply Depot  
  17  1:06  SCV  
  18  1:18  SCV  
  19  1:36  Reaper  
  20  1:43  Command Center  
  20  1:47  SCV  
  21  2:04  Bunker  
  21  2:06  SCV  
  21  2:08  Marine  
  23  2:14  Factory  
  23  2:18  SCV  
  24  2:25  Marine  
  25  2:30  SCV, Refinery  
  26  2:39  Supply Depot  
  26  2:43  Marine  
  27  3:15  SCV  
  27  3:17  Factory Tech Lab  
  27  3:26  Orbital Command  
  28  3:27  SCV, Supply Depot  
  28  3:30  Barracks Reactor  
  28  3:31  Barracks  
  28  3:35  Siege Tank  
  28  3:39  Orbital Command  
  31  3:51  Engineering Bay  
  31  4:00  Bunker  
  31  4:01  SCV  
  32  4:12  SCV  
  32  4:13  SCV  
  34  4:18  Marine x2  
  34  4:20  Barracks Tech Lab  
  36  4:24  Starport, SCV  
  37  4:36  Marine x2  
  39  4:55  Supply Depot  
  39  5:00  Marine  
  39  5:01  Marine  
  41  5:08  Refinery  
  41  5:12  Starport Reactor  
  41  5:18  Marine x2  
  43  5:24  SCV  
  43  5:25  SCV  
  45  5:35  Missile Turret  
  45  5:36  Marine x2  
  45  5:37  Stimpack, SCV  
  45  5:38  SCV  
  45  5:41  Marauder  
  51  5:44  Terran Infantry Weapons Level 1  
  51  5:53  Supply Depot, Medivac  
  51  5:54  Marine x2  
  51  5:55  Siege Tank  
  58  5:58  SCV  
  58  5:59  SCV  
  58  6:03  Marauder  
  62  6:08  Refinery  
  62  6:10  SCV  
  63  6:11  SCV  
  63  6:14  Marine x2  
  66  6:22  SCV  
  66  6:24  SCV, Marauder  
  70  6:29  Armory  
  70  6:32  Marine x2  
  71  6:33  Supply Depot  
  71  6:37  SCV  
  71  6:38  SCV  
  74  6:45  Marauder  
  76  6:49  SCV  
  76  6:50  Marine  
  78  6:54  Marine  
  78  6:56  Supply Depot  
  78  6:57  Medivac  
  81  7:07  Marauder  
  81  7:08  Marine  
  84  7:12  Marine  
  85  7:17  Liberator  
  85  7:19  Supply Depot, Command Center  
  85  7:23  Liberator  
  85  7:25  Marine  
  85  7:28  Marauder  
  88  7:30  Marine  
  88  7:31  Engineering Bay  
  92  7:37  Combat Shields  
  92  7:43  Marine  
  96  7:48  Marine  
  96  7:49  Marauder  
  96  7:50  Terran Vehicle Weapons Level 1  
  99  7:55  Terran Infantry Weapons Level 2  
  99  7:59  Terran Infantry Armor Level 1  
  99  8:01  Marine  
  100  8:06  Marine  
  100  8:10  Supply Depot  
  101  8:16  SCV  
  102  8:30  Marine x2, SCV x2, Marauder, Medivac  
  102  8:34  Supply Depot  
  110  8:35  Supply Depot  
  110  8:42  SCV  
  110  8:46  SCV  
  110  8:48  Marine x2  
  114  8:52  Marauder  
  114  8:54  SCV  
  115  8:56  Concussive Shells  
  115  8:59  SCV  
  116  9:06  Marine x2  
  117  9:11  SCV x2  
  117  9:13  Marauder  
  121  9:23  Marine x2  
  122  9:58  Marine x3  
  116  10:16  Marine x2  
  116  10:20  Starport  
  118  10:22  Starport  
  118  10:26  Planetary Fortress  
  118  10:34  Missile Turret  
  118  10:56  Missile Turret  
  118  10:57  Missile Turret  
  118  10:58  Missile Turret x2  
  118  10:59  Missile Turret  
  118  11:01  Missile Turret  
  118  11:06  Supply Depot  
  118  11:08  Supply Depot  
  118  11:22  Missile Turret x2  
  118  11:34  Missile Turret  
  118  11:38  Missile Turret  
  118  11:40  Missile Turret x2  
  118  12:03  Bunker  
  118  12:04  Bunker  
  118  12:08  Bunker x2  
  118  12:16  Starport  
  118  12:18  Starport, Fusion Core  
  118  12:19  Starport  
  118  12:22  Supply Depot  
  118  12:23  Supply Depot  
  118  12:27  Starport Tech Lab x2  
  118  12:38  Missile Turret  
  118  12:43  Marine x3  
  118  12:44  SCV  
  122  12:48  Refinery  
  122  12:56  SCV  
  122  12:57  Starport Tech Lab  
  122  12:58  Starport Tech Lab  
  123  13:00  Starport Tech Lab, Missile Turret  
  123  13:01  Marine x2  
  125  13:07  Supply Depot  
  125  13:08  Terran Ship Weapons Level 1, SCV, Supply Depot, Armory  
  125  13:09  Weapon Refit  
  126  13:20  SCV  
  126  13:21  Missile Turret  
  127  13:28  Advanced Ballistics  
  127  13:30  Terran Infantry Weapons Level 3  
  127  13:32  SCV  
  127  13:33  Building Armor  
  126  13:43  Battlecruiser  
  126  13:44  SCV, Battlecruiser x2  
  145  13:52  Supply Depot  
  145  13:55  Battlecruiser  
  148  13:57  Supply Depot  
  148  13:58  Refinery  
  145  14:14  Battlecruiser  
  145  14:16  Missile Turret  
  150  14:39  Missile Turret  
  150  14:41  Missile Turret x2  
  150  14:48  Battlecruiser  
  150  14:52  Terran Vehicle And Ship Armor Level 1  
  156  15:09  Bunker  
  154  15:16  Battlecruiser x2  
  165  15:22  Terran Ship Weapons Level 2, Supply Depot  
  158  16:22  Marine x2  
  158  16:23  Marine  
  137  16:40  Marine x3  
  138  16:58  Marine x3  
  138  17:13  Battlecruiser x2  
  138  17:14  Battlecruiser  
  151  17:16  Marine x3  
  154  17:32  Medivac x2  
  154  17:34  Marine x3  
  161  17:50  SCV  
  160  17:51  Marine  
  160  17:52  Marine x2  
  157  17:59  Orbital Command  
  157  18:02  SCV  
  158  18:14  Terran Ship Weapons Level 3, SCV  
  154  19:11  Marine x3  
  154  19:14  Barracks  
  157  19:24  Supply Depot  
  157  19:25  Supply Depot  
  157  19:26  Supply Depot  
  157  19:28  Marine  
  157  19:30  Bunker  
  158  19:46  Marine x3, Raven  
  158  19:49  Supply Depot  
  158  19:50  Supply Depot  
  158  19:51  Supply Depot x2  
  161  19:53  Supply Depot  
  161  20:01  Refinery  
  161  20:03  Marine x2  
  163  20:07  Marine  
  164  20:14  Barracks, Terran Infantry Armor Level 2  
  164  20:15  Barracks Reactor  
  164  20:21  Marine x2  
  164  20:24  Orbital Command  
  164  20:25  Marine  
  166  20:39  Marine x2  
  157  20:43  Marine  
  142  20:57  Marine x2  
  142  21:01  Marine  
  141  21:15  Marine x2  
  143  21:18  Marine  
  143  21:27  Barracks Reactor  
  143  21:30  Hi-Sec Auto Tracking  
  143  21:33  Marine  
  144  21:41  SCV  
  144  21:43  Refinery  
  145  21:53  SCV  
  140  22:06  SCV  
  140  22:07  Medivac  
  142  22:18  SCV  
  143  22:30  SCV, Missile Turret  
  143  22:32  Missile Turret  
  143  22:34  Missile Turret  
  143  22:35  Missile Turret  
  143  22:42  SCV  
  143  22:54  SCV  
  143  22:55  Marine x6  
  143  22:56  Marine  
  151  23:01  Refinery  
  144  23:12  Marine  
  144  23:13  Marine x6  
  144  23:27  Command Center  
  144  23:30  Marine x2  
  144  23:31  Marine x5  
  107  24:40  Orbital Command  
Tags
 
Add a new tag
Caveats
  • Supply blocks, unpowered buildings, or Contaminate may cause inaccurate times.
  • Supply counts are checked every 10 seconds.